 Dungeon Crawl Stone Soup version 0.30-a0-937-ga0a21ad780 (webtiles) character file.

Game seed: 13853365575427283107

28865 fozzywoppz the Martial Artist (level 13, -6/162 HPs)
             Began as a Demonspawn Monk on Mar 24, 2023.
             Was an Elder of Qazlal.
             Mangled by Rupert
             ... wielding a +1 great sword of protection
              (29 damage)
             ... on level 3 of the Lair of Beasts.
             The game lasted 00:39:02 (17191 turns).

fozzywoppz the Martial Artist (Demonspawn Monk)    Turns: 17191, Time: 00:39:03

Health: -6/162     AC: 17    Str: 12    XL:     13   Next: 12%
Magic:  22/22      EV: 12    Int: 13    God:    Qazlal [****..]
Gold:   732        SH: 13    Dex: 19    Spells: 12/12 levels left

rFire   + . .      SeeInvis +      - Unarmed
rCold   + . .      Faith    .    p - +0 buckler "Gawagg" {-Tele rElec rC+ rN+++}
rNeg    + + +      Spirit   .    x - +3 scale mail {rF+}
rPois   .          Reflect  .    M - +2 hat
rElec   +          Rampage  .    r - scarf {shadows}
rCorr   +          NoTele   +    (gloves unavailable)
Will    .....                    R - +1 pair of boots Stlth
                                 B - amulet of Kahig {RegenMP SInv}
HPRegen 0.47/turn                u - ring of resist corrosion
MPRegen 0.58/turn                N - ring "Woeg" {rN++ AC+4}

@: mighty, berserking, hasted, repel missiles, very quick
A: large bone plates 1, foul stench 1, demonic magic 1, demonic touch 3
a: Renounce Religion, Upheaval, Elemental Force


You were on level 3 of the Lair of Beasts.
You worshipped Qazlal.
Qazlal was greatly pleased with you.
You visited 3 branches of the dungeon, and saw 17 of its levels.
You also visited: Ossuary.

You collected 732 gold pieces.

Inventory:

Missiles
 C - 11 boomerangs (quivered)
Armour
 p - the +0 buckler "Gawagg" (worn) {-Tele rElec rC+ rN+++}
   (You acquired it on level 3 of the Lair of Beasts)

   rC:        It protects you from cold.
   rElec:     It insulates you from electricity.
   rN:        It renders you almost immune to negative energy.
   -Tele:     It prevents most forms of teleportation.
 r - a scarf of shadows (worn)
 x - a +3 scale mail of fire resistance (worn)
 J - a +0 tower shield
 M - a +2 hat (worn)
 R - a +1 pair of boots (worn)
Jewellery
 b - a ring of willpower
 f - a ring of flight
 h - an amulet of faith
 l - a ring of wizardry
 u - a ring of resist corrosion (left hand)
 B - the amulet of Kahig (around neck) {RegenMP SInv}
   (You acquired it on level 3 of the Lair of Beasts)

   [amulet of magic regeneration]

   It increases your rate of magic regeneration.
   SInv:      It lets you see invisible.
 H - a ring of magical power
 K - a ring of see invisible
 N - the ring "Woeg" (right hand) {rN++ AC+4}
   (You took it off a kobold on level 10 of the Dungeon)

   [ring of protection]

   AC:        It affects your AC (+4).
   rN:        It greatly protects you from negative energy.
 P - a ring of positive energy
Wands
 e - a wand of digging (3)
 o - a wand of acid (4)
 t - a wand of flame (67)
 A - a wand of roots (8)
 E - a wand of paralysis (4)
 O - a wand of polymorph (2)
Scrolls
 a - a scroll of brand weapon {unknown}
 d - 4 scrolls of teleportation
 i - 4 scrolls of fog
 n - 2 scrolls of magic mapping
 q - 2 scrolls of enchant armour
 s - a scroll of noise
 y - 4 scrolls of vulnerability
 I - a scroll of fear {unknown}
 Q - a scroll of summoning {unknown}
Potions
 c - 5 potions of brilliance
 g - 5 potions of attraction
 j - 4 potions of flight
 k - a potion of mutation
 m - 3 potions of lignification
 v - 10 potions of curing
 w - a potion of berserk rage
 z - a potion of haste
 D - 2 potions of magic
 G - a potion of might
 L - 2 potions of invisibility


   Skills:
 + Level 12.2 Fighting
 - Level 1.0 Armour
 - Level 8.0 Dodging
 - Level 3.0 Stealth
 + Level 0.6 Shields
 + Level 13.1 Unarmed Combat
 + Level 13.0 Invocations


You had 12 spell levels left.
You didn't know any spells.
Your spell library contained the following spells:

 Spells                   Type           Power      Damage    Failure   Level
 Sting                    Tmut/Pois      0%         1d3       92%         1
 Blink                    Tloc           0%         N/A       98%         2
 Lesser Beckoning         Tloc           0%         N/A       98%         2
 Momentum Strike          Conj/Tloc      0%         3d8       98%         2
 Poisonous Vapours        Pois/Air       0%         N/A       98%         2
 Static Discharge         Conj/Air       0%         2-2/arc   98%         2
 Gell's Gravitas          Tloc           0%         N/A       100%        3
 Teleport Other           Tloc           0%         N/A       100%        3
 Vhi's Electric Charge    Tloc/Air       0%         N/A       100%        3
 Olgreb's Toxic Radiance  Pois           0%         N/A       100%        4
 Arcjolt                  Conj/Air       0%         1d10      100%        5
 Plasma Beam              Fire/Air       0%         2x1d11    100%        5


Dungeon Overview and Level Annotations

Branches:
Dungeon (12/15)            Temple (1/1) D:4            Lair (4/5) D:10
  Swamp (0/4) Lair:3       Spider (0/4) Lair:3          Orc (0/2) D:10
Ossuary (visited)
  Slime: Lair:4-5

Altars:
Ashenzari
Cheibriados
Dithmenos
Fedhas
Gozag
Hepliaklqana
Kikubaaqudgha
Makhleb
Nemelex Xobeh
Okawaru
Qazlal
Ru
Sif Muna
Trog
Uskayaw
Vehumet
Wu Jian
Xom
Yredelemnul

Shops:
D:4 (

Annotations:
D:4 2 runed translucent doors, ThatPearl's ghost, amateur GnRe
D:11 2 transporters, roninjake's ghost, journeyman MiFi
Lair:3 Rupert


Innate Abilities, Weirdness & Mutations

You are partially covered in large bone plates. (SH +4)
You may rarely emit foul miasma when damaged in melee.
Spells you cast may paralyse adjacent enemies.
Your touch may irresistibly damage your foes and sap their willpower.


Message History

Rupert is engulfed in freezing vapours.
Rupert hits you with a +1 great sword of protection!
Rupert is engulfed in freezing vapours.
Rupert hits you with a +1 great sword of protection!
* * * LOW HITPOINT WARNING * * *
Okay, then.
You closely miss Rupert.
Rupert is heavily wounded.
Rupert is engulfed in freezing vapours.
Rupert hits you with a +1 great sword of protection!
* * * LOW HITPOINT WARNING * * *
Unknown command.
Okay, then.
A red film seems to cover your vision as you go berserk!
You feel yourself moving faster!
You feel mighty!
You punch Rupert!
Rupert is severely wounded.
Rupert hits you but does no damage.
You hit Rupert.
Rupert is severely wounded.
You block Rupert's attack.
You punch Rupert!
Rupert is severely wounded.
You block Rupert's attack.
You hit Rupert but do no damage.
Rupert is severely wounded.
You punch Rupert!
Rupert is severely wounded.
You block Rupert's attack.
You punch Rupert!
Rupert is almost dead.
Rupert hits you with a +1 great sword of protection.
* * * LOW HITPOINT WARNING * * *
You closely miss Rupert.
Rupert is almost dead.
Rupert barely misses you.
You pummel Rupert!!
Rupert is almost dead.
Rupert hits you with a +1 great sword of protection!!
You die...

### ######### ###
##.###.#.#.#.# #.##
###.......°○...##
...#
##.......§.@.....##
.#.#
#.........@.......#
####
#.................#
#
#.................#
#................##
#................#
#................#
##..............##
#...............#


You could see Rupert (berserk).

Vanquished Creatures
  Gastronok (D:10)
  A catoblepas (Lair:3)
  A boulder beetle (D:11)
  A two-headed ogre (D:10)
  7 death yaks
  Amaemon (Lair:3)
  Pikel (D:8)
  A cyclops (D:11)
  4 elephants (Lair:1)
  2 black mambas (Lair:3)
  An orange demon (Lair:3)
  4 cane toads
  A kobold demonologist (D:10)
  3 komodo dragons
  2 polar bears
  4 dream sheep (Lair:1)
  13 blink frogs
  Sigmund (D:5)
  A shadow (D:11)
  2 basilisks
  21 yaks
  A wraith (Ossuary)
  4 vampire mosquitoes (D:10)
  2 steam dragons
  Edmund (D:5)
  6 water moccasins
  6 orc warriors
  An ice beast (D:5)
  5 black bears
  2 sky beasts
  2 ogres
  5 centaurs
  4 phantoms
  7 kobold brigands
  12 bullfrogs
  4 scorpions
  A gnoll sergeant (D:7)
  13 wights (D:9)
  8 killer bees
  4 howler monkeys (D:10)
  A gnoll bouda (D:4)
  2 jellies
  8 orc priests
  4 hounds
  2 human zombies (Ossuary)
  Natasha (thrice) (D:3)
  24 orc wizards
  4 iguanas
  3 mummies (Ossuary)
  7 gnolls
  11 adders
  2 shadow imps (D:10)
  2 white imps
  2 worms
  3 dart slugs
  42 orcs
  10 ball pythons
  6 bats
  8 endoplasms
  3 giant cockroaches
  6 goblins (D:1)
  2 hobgoblins
  11 jackals
  42 kobolds
  6 quokkas
  2 frilled lizards
  3 goblin zombies (Ossuary)
  7 hobgoblin zombies (Ossuary)
  11 kobold skeletons (D:10)
  8 kobold zombies
  11 rats
417 creatures vanquished.

Vanquished Creatures (collateral kills)
  2 elephants (Lair:1)
  2 dream sheep (Lair:1)
4 creatures vanquished.

Vanquished Creatures (others)
  An orc wizard (D:3)
  58 fungi
  68 plants
127 creatures vanquished.

Grand Total: 548 creatures vanquished

Notes
Turn   | Place    | Note
-------+----------+-------------------------------------------
     0 | D:1      | fozzywoppz the Demonspawn Monk began the quest for the Orb.
     0 | D:1      | Reached XP level 1. HP: 18/18 MP: 1/1
   169 | D:1      | Gained mutation: You may rarely emit foul miasma when
                  | damaged in melee. [demonic ancestry]
   169 | D:1      | Reached XP level 2. HP: 6/24 MP: 2/2
   523 | D:1      | Found a faded altar of an unknown god.
   584 | D:1      | Gained mutation: You are partially covered in large bone
                  | plates. (SH +4) [demonic ancestry]
   584 | D:1      | Reached XP level 3. HP: 26/29 MP: 3/3
  1091 | D:2      | Found a sacrificial altar of Ru.
  1464 | D:2      | Gained mutation: Your touch may inflict minor irresistible
                  | damage on your foes. [demonic ancestry]
  1464 | D:2      | Reached XP level 4. HP: 35/35 MP: 4/4
  1555 | D:2      | Reached skill level 1 in Armour
  2303 | D:3      | Noticed Natasha
  2313 | D:3      | Killed Natasha
  2314 | D:3      | Reached XP level 5. HP: 19/41 MP: 5/5
  2562 | D:3      | Found a shimmering blue altar of Sif Muna.
  3018 | D:3      | Noticed Natasha
  3026 | D:3      | Killed Natasha
  3077 | D:3      | Noticed Natasha
  3093 | D:3      | Killed Natasha
  3094 | D:3      | Reached XP level 6. HP: 37/48 MP: 6/6
  3244 | D:4      | Found Ciqumog's Antique Weapon Shoppe.
  3387 | D:4      | Found a staircase to the Ecumenical Temple.
  3494 | Temple   | Entered the Ecumenical Temple
  3610 | Temple   | Became a worshipper of Qazlal Stormbringer
  3610 | Temple   | Reached * piety under Qazlal
  3610 | Temple   | Reached ** piety under Qazlal
  3675 | D:4      | Found a large runed translucent door.
  3675 | D:4      | Found a large runed translucent door.
  3810 | D:4      | Gained mutation: Spells you cast may paralyse adjacent
                  | enemies. [demonic ancestry]
  3810 | D:4      | Reached XP level 7. HP: 55/55 MP: 7/7
  3836 | D:4      | Reached skill level 5 in Unarmed Combat
  3841 | D:4      | Reached skill level 5 in Fighting
  4070 | D:4      | Noticed ThatPearl's ghost (amateur GnRe)
  4267 | D:5      | Entered Level 5 of the Dungeon
  4502 | D:5      | Noticed Sigmund
  4512 | D:5      | Killed Sigmund
  4582 | D:5      | Noticed Edmund
  4595 | D:5      | Killed Edmund
  4808 | D:5      | Gained mutation: Your touch may inflict irresistible damage
                  | on your foes. [demonic ancestry]
  4808 | D:5      | Reached XP level 8. HP: 62/64 MP: 8/8
  4816 | D:5      | Identified the +0 plate armour of the Fresh Alphagorgon
                  | {Str+6 Dex-2 Slay+6}
  4946 | D:5      | Found a burning altar of Makhleb.
  5651 | D:6      | Reached skill level 1 in Invocations
  5682 | D:6      | Found a hazy altar of Hepliaklqana.
  5692 | D:6      | Reached XP level 9. HP: 45/74 MP: 8/10
  6075 | D:6      | Reached *** piety under Qazlal
  6836 | D:7      | Found an opulent altar of Gozag.
  6838 | D:7      | Found an opulent altar of Gozag.
  6839 | D:7      | Found an opulent altar of Gozag.
  6847 | D:7      | Found an opulent altar of Gozag.
  7151 | D:8      | Noticed Pikel
  7162 | D:8      | Killed Pikel
  7247 | D:8      | Found a sand-covered staircase.
  7258 | Ossuary  | Entered an ossuary
  7659 | Ossuary  | Reached **** piety under Qazlal
  7660 | Ossuary  | Gained mutation: Your touch may irresistibly damage your
                  | foes and sap their willpower. [demonic ancestry]
  7660 | Ossuary  | Reached XP level 10. HP: 85/85 MP: 13/13
  7904 | D:8      | Reached skill level 10 in Fighting
  8321 | D:8      | Reached skill level 10 in Unarmed Combat
  8933 | D:9      | Reached skill level 5 in Invocations
  9250 | D:9      | Reached skill level 5 in Dodging
  9256 | D:9      | Reached ***** piety under Qazlal
 10124 | D:10     | Entered Level 10 of the Dungeon
 10482 | D:10     | Reached XP level 11. HP: 64/90 MP: 16/16
 10623 | D:10     | Identified the ring "Woeg" {rN++ AC+4}
 10625 | D:10     | Noticed a two-headed ogre
 10659 | D:10     | Killed a two-headed ogre
 10843 | D:10     | Noticed Gastronok
 11144 | D:11     | Found a transporter.
 11221 | D:10     | Killed Gastronok
 11362 | D:10     | Found an ancient bone altar of Kikubaaqudgha.
 11405 | D:10     | Found a basalt altar of Yredelemnul.
 11557 | D:10     | Found a staircase to the Lair.
 11875 | D:10     | Found a staircase to the Orcish Mines.
 12166 | D:11     | Found a transporter.
 12167 | D:11     | Identified the +7 great mace "Cetzis" {speed, rN+ Int+4
                  | Dex+3}
 12167 | D:11     | Noticed a two-headed ogre
 12168 | D:11     | Noticed a two-headed ogre
 12168 | D:11     | Noticed roninjake's ghost (journeyman MiFi)
 12168 | D:11     | Noticed a two-headed ogre
 12169 | D:11     | Noticed a two-headed ogre
 12271 | D:11     | Noticed a boulder beetle
 12298 | D:11     | Killed a boulder beetle
 12916 | Lair:1   | Entered Level 1 of the Lair of Beasts
 13486 | Lair:1   | Reached skill level 10 in Invocations
 13512 | Lair:1   | Reached XP level 12. HP: 49/99 MP: 13/19
 13818 | Lair:1   | Noticed a death yak
 13818 | Lair:1   | Noticed a death yak
 13818 | Lair:1   | Noticed a death yak
 13826 | Lair:1   | Killed a death yak
 13839 | Lair:1   | Killed a death yak
 13842 | Lair:1   | Killed a death yak
 14974 | Lair:3   | Noticed a death yak
 14975 | Lair:3   | Noticed a death yak
 14975 | Lair:3   | Noticed a death yak
 14980 | Lair:3   | Noticed a death yak
 14992 | Lair:2   | Killed a death yak
 15102 | Lair:3   | Killed a death yak
 15371 | Lair:3   | Killed a death yak
 15376 | Lair:3   | Killed a death yak
 15720 | Lair:3   | Noticed Amaemon
 15737 | Lair:3   | Killed Amaemon
 16025 | Lair:3   | Found a hole to the Spider Nest.
 16123 | Lair:3   | Found a staircase to the Swamp.
 16578 | Lair:3   | Noticed a catoblepas
 16585 | Lair:3   | Killed a catoblepas
 16586 | Lair:3   | Reached XP level 13. HP: 108/108 MP: 13/22
 17072 | Lair:3   | Identified 2 scrolls of acquirement
 17073 | Lair:3   | Acquired the +0 buckler "Gawagg" {-Tele rElec rC+ rN+++}
 17079 | Lair:3   | Acquired the amulet of Kahig {RegenMP SInv}
 17161 | Lair:4   | Noticed Rupert
 17191 | Lair:3   | Mangled by Rupert

Illustrated notes

Levels and vault maps discovered:
D:1:      amcnicky_arrival_gap_in_the_tavern_cellar, layout_loops_ring,
          shapermc_ecumenical_altar_starsandcircs, serial_bayou_ford_a,
          dreamdust_mushroom_princess, minmay_small_reverse_x
D:2:      layout_basic, basic_altar
D:3:      wander_river, layout_loops_cross, kennysheep_orc_sif_temple,
          minmay_distorted, uniq_natasha
D:4:      layout_rooms, temple_hall, ebering_ghost_disaster_area, serial_curves,
          eino_curves_04, eino_curves_04, serial_shops,
          nicolae_shop_hallway_plus, chequers_avenue
D:5:      layout_basic, lightli_temple_of_fire, sigmund_edmund_badplayer
D:6:      layout_rooms, nzn_hepliaklqana_mist_gate, tso_altar,
          nrook_mini_backslash
D:7:      layout_loops_cross, nicolae_gozag_conspicuous_consumption,
          serial_rivers, chequers_serial_rivers_micro_e,
          chequers_serial_rivers_room_a, chequers_serial_rivers_micro_b,
          chequers_serial_rivers_micro_a
D:8:      layout_loops_ring, nicolae_ossuary_entry_plus,
          ebering_dispersal_statue_hall, kennysheep_generic_room_4, uniq_pikel
D:9:      layout_layer_cave
D:10:     wander_kiku_kobolds, layout_small_grid, mainiacjoe_overflow_brackets,
          due_lair_maze_entry_diamond, david_orc_4, uniq_gastronok
D:11:     layout_loops_ring, gammafunk_ghost_smash, grunt_decor_mini_mirrors
D:12:     layout_irregular_city
Temple:   eino_temple_scatter_basement
Lair:1:   layout_regular_city, nicolae_lair_grazing_beasts
          [nicolae_sub_lair_graze_edge, nicolae_sub_lair_graze_edge,
          nicolae_sub_lair_graze_edge, nicolae_sub_lair_graze_edge],
          grunt_megastairs_1
Lair:2:   layout_cave_shapes
Lair:3:   layout_cave_pods, swamp_mist_pool, spider_nest_entry_web_field,
          grunt_megastairs_4, infiniplex_staircase_pool_2, uniq_amaemon
Lair:4:   layout_cave_pods, uniq_rupert

Skill      XL: |  1  2  3  4  5  6  7  8  9 10 11 12 13 |
---------------+----------------------------------------+-----
Unarmed Combat | 3 4 6 7 9 10 11 13 | 13.1
Dodging        | 3 4 5 7 8 |  8.0
Stealth        | 2 3 |  3.0
Armour         | 1 |  1.0
Fighting       | 4 6 8 9 10 12 | 12.2
Invocations    | 1 4 7 10 12 13 | 13.0
Shields        | |  0.6

Action                     |  1- 3 |  4- 6 |  7- 9 | 10-12 | 13-15 || total
---------------------------+-------+-------+-------+-------+-------++-------
  Melee: Unarmed           |   210 |   175 |   400 |   644 |    66 ||  1495
         Punch             |     4 |     3 |    19 |    58 |     1 ||    85
         Touch             |       |    37 |    80 |   144 |     7 ||   268
 Invoke: Upheaval          |       |       |     1 |     5 |       ||     6
         Elemental Force   |       |       |       |     3 |       ||     3
         Disaster Area     |       |       |       |     2 |       ||     2
  Evoke: Wand              |       |     2 |       |     7 |       ||     9
    Use: Potion            |       |       |     6 |     4 |     3 ||    13
         Scroll            |       |       |    12 |    12 |     5 ||    29
   Stab: Sleeping          |     4 |     2 |       |       |       ||     6
         Paralysed         |       |       |       |     2 |       ||     2
         Distracted        |       |       |       |     1 |       ||     1
 Armour: Robe              |    27 |       |       |       |       ||    27
         Leather armour    |    29 |       |       |       |       ||    29
         Ring mail         |     1 |    46 |       |       |       ||    47
         Scale mail        |       |     6 |   151 |   209 |    12 ||   378
  Dodge: Dodged            |   178 |    86 |   151 |   284 |    20 ||   719
         Repelled          |       |       |       |     2 |       ||     2
  Block: Other             |    14 |    30 |   121 |   301 |    13 ||   479
         Buckler           |       |       |       |       |    22 ||    22

Table legend: (Time is in decaauts)
 A = Elapsed time spent in this place.
 B = Non-inter-level travel time spent in this place.
 C = Inter-level travel time spent in this place.
 D = Time resting spent in this place.
 E = Time spent auto-exploring this place.
 F = Levels seen in this place.
 G = Mean time per level.
                   A        B        C        D        E       F      G
               +--------+--------+--------+--------+--------+-----+--------+
         Total |  17059 |  16443 |    616 |   1829 |  10391 |  18 |  947.7 |
       Dungeon |  12240 |  11695 |    545 |    937 |   7921 |  12 | 1020.0 |
        Temple |    125 |    117 |      8 |      0 |      4 |   1 |  125.0 |
          Lair |   4092 |   4030 |     62 |    744 |   2387 |   4 | 1023.0 |
       Ossuary |    600 |    600 |      0 |    148 |     78 |   1 |  600.0 |
               +--------+--------+--------+--------+--------+-----+--------+

Top non-repeatable levels by time:
  Lair:3: 1741 daAuts
    D:10: 1733 daAuts
  Lair:1: 1319 daAuts
     D:9: 1295 daAuts
     D:3: 1223 daAuts
    D:11: 1147 daAuts
     D:4: 1080 daAuts
     D:5: 1073 daAuts
     D:8: 1047 daAuts
     D:1: 1037 daAuts
     D:2: 1012 daAuts
  Lair:2: 932 daAuts
     D:7: 856 daAuts
     D:6: 731 daAuts
 Ossuary: 600 daAuts
